 Dungeon Crawl Stone Soup version 0.26.1-2-gb8aa6d0cf2 (webtiles) character file.

Game seed: 15676336334320500068

87 Descartes the Conjurer (level 4, 0/24 HPs)
             Began as a Deep Elf Conjurer on Mar 14, 2021.
             Slain by a gnoll
             ... wielding a +0 halberd
              (6 damage)
             ... on level 3 of the Dungeon.
             The game lasted 00:05:02 (2781 turns).

Descartes the Conjurer (Deep Elf Conjurer)          Turns: 2781, Time: 00:05:03

Health: 0/24       AC:  4    Str:  4    XL:     4   Next: 28%
Magic:  2/13       EV: 12    Int: 24    God:
Gold:   91         SH:  0    Dex: 13    Spells: 12/13 levels left

rFire    . . .     SeeInvis .   a - +1 dagger
rCold    . . .     Faith    .   (no shield)
rNeg     . . .     Spirit   .   o - +0 leather armour
rPois    .         Reflect  .   t - +0 helmet
rElec    .         Harm     .   (no cloak)
rCorr    .         Rampage  .   (no gloves)
Will     .....                  (no boots)
Stlth    ++........             (no amulet)
HPRegen  0.08/turn              (no ring)
MPRegen  0.13/turn              (no ring)

@: no status effects
A: no striking features
a: no special abilities


You were on level 3 of the Dungeon.
You visited 1 branch of the dungeon, and saw 3 of its levels.

You collected 91 gold pieces.

Inventory:

Hand Weapons
 a - a +1 dagger (weapon)
 b - a +0 hunting sling
Missiles
 c - 41 bolts
 g - 151 stones
 h - 25 arrows
 k - 7 poisoned darts
Armour
 e - a +0 robe
 o - a +0 leather armour (worn)
 t - a +0 helmet (worn)
Wands
 w - a wand of iceblast (4)
Scrolls
 f - a scroll of immolation {unknown}
 j - 2 scrolls of identify
 m - a scroll of enchant weapon
 r - a scroll of magic mapping {unknown}
Potions
 i - a potion of resistance {unknown}
 n - 2 potions of might {unknown}
 p - a potion of brilliance
 q - 2 potions of flight {unknown}
 u - a potion of degeneration {unknown}
 v - a potion of berserk rage {unknown}
 x - a potion of mutation {unknown}


   Skills:
 + Level 3.3 Dodging
 - Level 2.4 Stealth
 - Level 5.0 Spellcasting
 - Level 5.0 Conjurations


You had 12 spell levels left.
You knew the following spells:

 Your Spells              Type           Power        Failure   Level
a - Magic Dart            Conj           100%         1%          1

Your spell library contained the following spells:

 Spells                   Type           Power        Failure   Level
 Searing Ray              Conj           60%          3%          2
 Dazzling Flash           Conj/Hex       36%          17%         3
 Fulminant Prism          Conj/Hex       9%           50%         4
 Iskenderun's Mystic Bla  Conj/Tloc      18%          50%         4


Dungeon Overview and Level Annotations

Branches:
Dungeon (3/15)

Altars:
Fedhas
Ru

Annotations:
D:3 exclusion: oklob plant


Message History

You feel much better. The gnoll completely misses you.
As you read the scroll labelled TAIDIKKOER, it crumbles to dust.
You feel blessed for a moment.
It was a scroll of remove curse.
Okay, then.
As you read the scroll labelled FANWOWIHED, it crumbles to dust.
It is a scroll of amnesia.
Really abort (and waste the scroll)?
Okay, then.
The gnoll closely misses you.
a - a +1 dagger (weapon)
The gnoll hits you but does no damage.
You struggle against the net.
You struggle against the net.
The gnoll hits you from afar with a +0 halberd!
You tear a large gash into the net.
The gnoll hits you from afar with a +0 halberd!
* * * LOW HITPOINT WARNING * * *
You shred the net and break free!
The gnoll hits you from afar with a +0 halberd.
You die...

#.# #.# #.# #.#
#.# #.# #.# #.#
#.# #.# #†# #.#
#.# #.# #.# #.#
#.# #.# #.# #.#
#.# ########.#
#.# #.#
...)gg(@(# #.#
#.# ##########
#.# ##.# #.#
#..# #.# #.##
###.#######.#
#...........#
###.#.#########
#...#.# #.#...#


You could see 2 gnolls.

Vanquished Creatures
  A gnoll (D:3)
  2 adders
  A worm (D:3)
  A dart slug (D:2)
  3 leopard geckos
  3 giant cockroaches (D:1)
  5 goblins
  5 hobgoblins
  8 jackals (D:2)
  A ball python (D:1)
  2 bats
  2 frilled lizards
  9 kobolds
  7 rats
50 creatures vanquished.

Notes
Turn   | Place    | Note
-------+----------+-------------------------------------------
     0 | D:1      | Descartes the Deep Elf Conjurer began the quest for the
                  | Orb.
     0 | D:1      | Reached XP level 1. HP: 10/10 MP: 6/6
   288 | D:1      | Reached XP level 2. HP: 15/15 MP: 6/8
   310 | D:1      | Reached skill level 5 in Conjurations
  1391 | D:2      | Reached XP level 3. HP: 19/19 MP: 5/10
  2408 | D:2      | Reached skill level 5 in Spellcasting
  2489 | D:2      | Found a sacrificial altar of Ru.
  2581 | D:3      | Reached XP level 4. HP: 24/24 MP: 9/13
  2689 | D:3      | Found a blossoming altar of Fedhas.
  2710 | D:3      | Noticed an oklob plant
  2781 | D:3      | Slain by a gnoll

Illustrated notes

Levels and vault maps discovered:
D:1:      lightli_arrival_noodles, layout_basic
D:2:      layout_basic, nicolae_overflow_hidden_temple, serial_aquarium,
          aquarium_bridge_square [aquarium_subvault_bridge,
          aquarium_subvault_wall, aquarium_subvault_wall,
          aquarium_subvault_balcony], aquarium_bridge_long_separate
          [aquarium_subvault_wall, aquarium_subvault_bridge,
          aquarium_subvault_bridge, aquarium_subvault_bridge,
          aquarium_subvault_window, aquarium_subvault_bridge],
          aquarium_window_corner, aquarium_window_2, aquarium_window_fake,
          aquarium_view_2d, aquarium_balcony_3b
D:3:      layout_loops_ring, tgw_fedhas

Skill      XL: |  1  2  3  4 |
---------------+-------------+-----
Conjurations   | 5 |  5.0
Spellcasting   | 4 5 |  5.0
Dodging        | 3 |  3.3
Stealth        | |  2.4

Action                   |  1- 3 |  4- 6 || total
-------------------------+-------+-------++-------
Melee: Dagger            |     1 |       ||     1
 Cast: Magic Dart        |    91 |    14 ||   105
  Use: Scroll            |     2 |     3 ||     5
       Potion            |       |     1 ||     1
Armor: Leather armour    |     2 |     1 ||     3
Dodge: Dodged            |     6 |     3 ||     9
